 Dungeon Crawl Stone Soup version 0.22-a0-553-g9358b0b (webtiles) character file.

4418 inc the Summoner (level 10, -6/65 HPs)
             Began as an Octopode Summoner on June 25, 2018.
             Was an Initiate of Gozag.
             Mangled by a crocodile (17 damage)
             ... on level 10 of the Dungeon.
             The game lasted 00:38:50 (14841 turns).

inc the Summoner (Octopode Summoner)               Turns: 14841, Time: 00:38:51

Health: -6/65      AC:  1    Str:  8    XL:     10   Next: 36%
Magic:  22/22      EV: 10    Int: 19    God:    Gozag
Gold:   1174       SH:  5    Dex: 12    Spells: 16/26 levels left

rFire    . . .     SeeInvis +   s - staff of earth (curse)
rCold    . . .     Gourm    .   (no shield)
rNeg     . . .     Faith    .   (helmet restricted)
rPois    .         Spirit   .   y - +5 amulet of reflection
rElec    .         Reflect  +   j - ring of protection from magic
rCorr    .         Harm     .   E - ring of stealth
MR       +....                  K - -3 ring of evasion (curse)
Stlth    ++++......             (no ring)
HPRegen  0.20/turn              (no ring)
MPRegen  0.18/turn              (no ring)
                                (no ring)
                                (no ring)

@: no status effects
A: almost no armour, stealthy swim, amphibious, 8 rings, constrict 8, camouflage
1, see invisible, dopey 1, gelatinous body 1
a: Potion Petition, Call Merchant, Bribe Branch, Renounce Religion


You were on level 10 of the Dungeon.
You worshipped Gozag.
Gozag was most pleased with you.
You were not hungry.

You visited 2 branches of the dungeon, and saw 11 of its levels.
You also visited: Sewer and Bailey.

You collected 1331 gold pieces.
You paid 157 gold pieces to Gozag.

Inventory:

Hand Weapons
 a - a +0 short sword
 b - a +0 blowgun
 q - a -1 dagger
 r - a cursed +0 mace
Missiles
 n - 6 curare-tipped needles
 o - 60 poisoned needles
Armour
 G - a +0 buckler
Magical Staves
 s - a cursed staff of earth (weapon)
 C - an uncursed staff of cold {unknown}
Jewellery
 j - a ring of protection from magic (left tentacle)
 l - an uncursed ring of fire
 v - the ring of Jaiqiof {Wiz Dex+3 Slay-6}
   (You found it on level 5 of the Dungeon)

   [ring of wizardry]

   It improves your spell success rate.
   It affects your dexterity (+3).
   It affects your accuracy and damage with ranged weapons and melee attacks
   (-6).
 y - a +5 amulet of reflection (around mantle)
 E - a ring of stealth (right tentacle)
 K - a cursed -3 ring of evasion (on tentacle)
 N - a cursed ring of loudness {unknown}
Wands
 m - a wand of paralysis (14)
 z - a wand of iceblast (5)
 F - a wand of digging (14)
Scrolls
 e - 4 scrolls of amnesia
 f - a scroll of fear
 g - a scroll of immolation
 h - a scroll of teleportation
 w - 2 scrolls of enchant armour
 A - a scroll of identify
 B - a scroll of vulnerability
 D - a scroll of magic mapping
 I - a scroll of brand weapon {unknown}
 J - a scroll of fog {unknown}
Potions
 d - 2 potions of brilliance
 i - 2 potions of curing
 k - 3 potions of might
 p - 2 potions of lignification
 t - a potion of magic {unknown}
 u - 3 potions of haste
 x - a potion of mutation
 H - a potion of degeneration {unknown}
 L - a potion of heal wounds
 M - a potion of flight {unknown}
Comestibles
 c - 9 rations


   Skills:
 - Level 4.3 Fighting
 - Level 3.2 Throwing
 - Level 2.0 Dodging
 - Level 2.6 Stealth
 + Level 8.6 Spellcasting
 - Level 9.7 Summonings
 - Level 4.8 Air Magic


You had 16 spell levels left.
You knew the following spells:

 Your Spells              Type           Power        Failure   Level  Hunger
a - Summon Small Mammal   Summ           ####         1%          1    None
b - Call Canine Familiar  Summ           #####...     1%          3    None
c - Call Imp              Summ           #####...     1%          2    None
d - Summon Lightning Spi  Summ/Air       #####...     4%          4    ###....

Your spell library contained the following spells:

 Spells                   Type           Power        Failure   Level  Hunger
 Confuse                  Hex            #.......     26%         3    None
 Summon Ice Beast         Ice/Summ       ####....     12%         4    ###....
 Tukima's Dance           Hex            #.......     26%         3    None
 Ensorcelled Hibernation  Hex/Ice        #.....       13%         2    None
 Corona                   Hex            #......      9%          1    None
 Dazzling Spray           Conj/Hex       #.....       26%         3    None
 Summon Guardian Golem    Hex/Summ       ####....     3%          3    None


Dungeon Overview and Level Annotations

Branches:
Dungeon (10/15)            Temple (1/1) D:7            Lair (0/6) D:10
    Orc: D:9-12

Altars:
Ashenzari
Cheibriados
Dithmenos
Elyvilon
Fedhas
Gozag
Hepliaklqana
Kikubaaqudgha
Makhleb
Nemelex Xobeh
Okawaru
Qazlal
Ru
Sif Muna
Trog
Uskayaw
Vehumet
Wu Jian
Xom
Yredelemnul
Zin
The Shining One

Annotations:
D:5 1 transporter


Innate Abilities, Weirdness & Mutations

You cannot wear most types of armour.
You are very stealthy in the water. (Stealth+)
You are amphibious.
You can wear up to eight rings at the same time.
You can use your tentacles to constrict eight enemies at once.
Your skin changes colour to match your surroundings (Stealth+).
Your rubbery body absorbs attacks. (AC +1, EV +1)
You have supernaturally acute eyesight. (SInv)
You are dopey. (Int -2)


Message History

As you open the door, it creaks loudly!
There is an open door here.
There is an open door here.
The crocodile is too close now for your liking.
A crocodile is nearby!
Unknown command.
You see here a scroll of identify.
You barely miss the crocodile.
Your wolf bites the crocodile!
Your wolf bites the crocodile.
The crocodile bites you!!
You hit the crocodile but do no damage.
The crocodile is heavily wounded.
Your wolf bites the crocodile.
The crocodile bites you!!
Your wolf bites the crocodile but does no damage.
You hit the crocodile but do no damage.
The crocodile is heavily wounded.
Your wolf bites the crocodile.
The crocodile bites you!
* * * LOW HITPOINT WARNING * * *
Your wolf bites the crocodile.
The crocodile bites you!
You die...
Your body crumbles into a pile of gold.

#.# #.........# #.#
##.###.....# #.#
##...###<...#####
#.#
##.....##..........
#.#
#..P.P.$#....######
#..P!...##.###
...........#
.......th'###
....>..@....#
............#
.$..........# $ $
#....P..#...'..
#..P....#<..###
##.....##...#
##...# #'### ##.#
##. #. ...


You could see a crocodile and a friendly wolf.

Vanquished Creatures
  A wyvern (D:8)
  A phantom (D:10)
  A big kobold (D:7)
  A scorpion (D:8)
  2 howler monkeys (D:6)
  3 crimson imps
  A bullfrog zombie (D:9)
  An orc priest (D:10)
  A centaur skeleton (D:4)
  2 hounds
  2 iguanas
  Terence (D:3)
  2 worker ants
  A hound skeleton (D:5)
  A howler monkey zombie (D:5)
  Robin (D:1)
  9 adders
  2 river rats (D:5)
  A shadow imp (D:6)
  2 adder zombies
  3 worms
  4 dart slugs (D:1)
  3 leopard geckos
  8 orcs
  A ball python (D:7)
  11 bats
  5 giant cockroaches
  8 hobgoblins
  6 jackals
  4 quokkas
  3 frilled lizards
  17 goblins
  A jackal zombie (D:7)
  15 kobolds
  2 leopard gecko skeletons
  7 rats
134 creatures vanquished.

Vanquished Creatures (collateral kills)
  A two-headed ogre (D:10)
  A cyclops (D:9)
  A troll (D:9)
  2 hippogriffs (D:10)
  13 yaks
  A wyvern (D:10)
  A human (D:8)
  3 hogs (D:8)
  A basilisk (D:10)
  Duvessa (D:7)
  Purgy (Sewer)
  A sky beast (D:7)
  3 ice beasts
  3 orc warriors
  A necrophage (D:10)
  A phantom (D:4)
  2 ogres
  A centaur (D:4)
  A crocodile (D:7)
  A bullfrog (D:10)
  Dowan (D:7)
  4 scorpions
  2 killer bees (D:8)
  A howler monkey (D:10)
  A crimson imp (D:10)
  A bullfrog zombie (D:10)
  A centaur zombie (D:6)
  4 hounds
  A jelly (D:5)
  An orc priest (D:6)
  5 orc wizards
  A gnoll shaman (D:7)
  A quasit (D:6)
  A centaur skeleton (D:9)
  A worker ant (D:4)
  4 gnolls (D:7)
  8 adders
  2 river rats (D:5)
  An ooze (D:5)
  4 worms (D:5)
  12 orcs
  4 bats (Sewer)
101 creatures vanquished.

Vanquished Creatures (others)
  A quokka (D:6)
1 creature vanquished.

Grand Total: 236 creatures vanquished

Notes
Turn   | Place    | Note
-------+----------+-------------------------------------------
     0 | D:1      | inc the Octopode Summoner began the quest for the Orb.
     0 | D:1      | Reached XP level 1. HP: 11/11 MP: 3/3
    92 | D:1      | Reached skill level 1 in Fighting
   104 | D:1      | Reached XP level 2. HP: 9/18 MP: 5/5
   667 | D:1      | Reached XP level 3. HP: 13/25 MP: 6/6
  1090 | D:2      | Noticed Robin
  1144 | D:1      | Killed Robin
  1476 | D:2      | Found a faded altar of an unknown god.
  1566 | D:2      | Found a shattered altar of Ashenzari.
  1607 | D:2      | Reached XP level 4. HP: 21/31 MP: 7/7
  3050 | D:3      | Reached XP level 5. HP: 38/38 MP: 8/8
  3149 | D:3      | Reached skill level 1 in Throwing
  3426 | D:3      | Noticed Terence
  3432 | D:3      | Learned a level 3 spell: Call Canine Familiar
  3435 | D:3      | Learned a level 2 spell: Call Imp
  3458 | D:3      | Killed Terence
  3841 | D:4      | Noticed an ogre
  3852 | D:4      | Killed an ogre
  3852 | D:4      | Reached XP level 6. HP: 28/44 MP: 3/9
  4092 | D:4      | Found an ancient bone altar of Kikubaaqudgha.
  4606 | D:4      | Noticed a phantom
  4697 | D:4      | Reached skill level 5 in Summonings
  4826 | D:4      | Killed a phantom
  4991 | D:5      | Entered Level 5 of the Dungeon
  5146 | D:5      | Reached XP level 7. HP: 38/49 MP: 5/10
  5396 | D:4      | Learned a level 4 spell: Summon Lightning Spire
  5579 | D:5      | Found a glowing drain.
  5586 | Sewer    | Entered a sewer
  5778 | Sewer    | Noticed Purgy
  5921 | Sewer    | Killed Purgy
  5921 | Sewer    | Reached skill level 6 in Summonings
  6187 | D:5      | Reached skill level 1 in Air Magic
  6838 | D:5      | Got a shimmering wooden ring
  6845 | D:5      | Identified the ring of Jaiqiof {Wiz Dex+3 Slay-6} (You found it on level 5 of the Dungeon)
  7107 | D:5      | Found a sparkling altar of Nemelex Xobeh.
  7107 | D:5      | Found a transporter.
  7107 | D:5      | Noticed a wraith
  7720 | D:5      | Reached XP level 8. HP: 27/54 MP: 1/11
  8165 | D:7      | Noticed Duvessa
  8169 | D:7      | Noticed Dowan
  8191 | D:7      | Killed Duvessa
  8210 | D:7      | Killed Dowan
  8516 | D:7      | Found a flagged portal.
  8524 | Bailey   | Entered a bailey
  8540 | Bailey   | HP: 2/54 [orc warrior/bolt (30)]
  8807 | D:7      | Reached skill level 7 in Summonings
  8909 | D:7      | Found a staircase to the Ecumenical Temple.
  9015 | Temple   | Entered the Ecumenical Temple
  9178 | Temple   | Became a worshipper of Gozag Ym Sagoz the Greedy
  9305 | D:6      | Found a white marble altar of Elyvilon.
 10143 | D:8      | Noticed a wyvern
 10216 | D:7      | Found a shadowy altar of Dithmenos.
 10968 | D:8      | Killed a wyvern
 11684 | D:8      | Noticed a yak
 11707 | D:8      | Reached skill level 5 in Spellcasting
 11707 | D:8      | Reached XP level 9. HP: 48/59 MP: 4/16
 12299 | D:9      | Noticed a cyclops
 12620 | D:9      | Reached skill level 8 in Summonings
 12863 | D:10     | Entered Level 10 of the Dungeon
 12941 | D:10     | Found a staircase to the Lair.
 12941 | D:10     | Noticed a troll
 12963 | D:9      | Reached skill level 9 in Summonings
 13164 | D:9      | Found a burning altar of Makhleb.
 13768 | D:9      | Killed a cyclops
 13927 | D:9      | Killed a troll
 14221 | D:10     | Reached XP level 10. HP: 65/65 MP: 15/20
 14273 | D:10     | Gained mutation: You are dopey. (Int -2) [potion of mutation]
 14273 | D:10     | Gained mutation: You have supernaturally acute eyesight. (SInv) [potion of mutation]
 14735 | D:10     | Noticed a two-headed ogre
 14748 | D:10     | Killed a two-headed ogre
 14841 | D:10     | Mangled by a crocodile

Vault maps used:
D:1:      shiori_arrival_maze, glass_columns_a, st_stairs_13,
          corexii_item_surrounded_by_moat
D:2:      nicolae_ashenzari_panopticon, chequers_ecumenical_altar_simple_redux,
          uniq_robin
D:3:      first_ration, kennysheep_generic_room_12, uniq_terence
D:4:      kiku_gazebo_pond_becter
D:5:      lightli_sewer_entry_pipes, chequers_big_river,
          grunt_nemelex_the_gamble
D:6:      elyvilon_altar_4, lightli_minifort
D:7:      lemuel_round_altar, minmay_temple_entry_fiery, enter_bailey_2,
          corexii_leaking_fountain, uniq_duvessa
D:8:      grunt_livestock
D:9:      makhleb_heckhound_becter
D:10:     david_lair_generic
Temple:   dpeg_five_rooms_temple
Sewer:    sewer_big_baddie
Bailey:   bailey_polearm_2, bailey

Skill      XL: |  1  2  3  4  5  6  7  8  9 10 |
---------------+-------------------------------+-----
Fighting       | 1 2 3 4 |  4.3
Throwing       | 3 |  3.2
Summonings     | 5 6 7 9 |  9.7
Air Magic      | 4 |  4.8
Spellcasting   | 5 6 8 |  8.6
Dodging        | |  2.0
Stealth        | |  2.6

Action                   |  1- 3 |  4- 6 |  7- 9 | 10-12 || total
-------------------------+-------+-------+-------+-------++-------
Melee: Unarmed           |    82 |       |       |       ||    82
       Constrict         |    33 |    32 |    60 |     1 ||   126
       Tentacles         |    17 |    19 |    42 |     1 ||    79
       Short sword       |    32 |    74 |       |       ||   106
       Dagger            |       |    66 |   263 |       ||   329
       Staff             |       |       |    21 |     9 ||    30
 Fire: Blowgun           |       |     5 |       |       ||     5
 Cast: Summon Small Mamm |     3 |     2 |       |       ||     5
       Call Canine Famil |       |     9 |    58 |     9 ||    76
       Call Imp          |       |    14 |    35 |       ||    49
       Summon Lightning  |       |       |    25 |     4 ||    29
  Use: Scroll            |       |    12 |     8 |       ||    20
       Potion            |       |       |     4 |     1 ||     5
 Stab: Sleeping          |     9 |    14 |    18 |       ||    41
       Distracted        |       |     2 |     5 |       ||     7
  Eat: Chunk             |     2 |    13 |    11 |       ||    26
       Ration            |       |       |     9 |       ||     9
Armor: Skin              |     6 |    11 |    20 |       ||    37
Dodge: Dodged            |    79 |    84 |   196 |     5 ||   364
Block: Other             |       |       |    29 |     6 ||    35

Table legend:
 A = Spawn XP
 B = Non-spawn XP
 C = Spawn XP percentage of total XP
 D = Spawn monster count
 E = Non-spawn monster count
 F = Spawn count percentage of total count
 G = Total turns spent on level
                    A         B        C        D         E        F      G
               +---------+---------+-------+---------+---------+-------+---------
         Total |       0 |    6312 |   0.0 |       0 |     235 |   0.0 | 14841
               +---------+---------+-------+---------+---------+-------+---------
           D:1 |       0 |      54 |   0.0 |       0 |      21 |   0.0 |  1434
           D:2 |       0 |      71 |   0.0 |       0 |      32 |   0.0 |  1281
           D:3 |       0 |      85 |   0.0 |       0 |      14 |   0.0 |   890
           D:4 |       0 |     347 |   0.0 |       0 |      16 |   0.0 |  1522
           D:5 |       0 |     375 |   0.0 |       0 |      35 |   0.0 |  2382
           D:6 |       0 |     468 |   0.0 |       0 |      17 |   0.0 |   795
           D:7 |       0 |     493 |   0.0 |       0 |      24 |   0.0 |  1670
           D:8 |       0 |     890 |   0.0 |       0 |      18 |   0.0 |  1627
           D:9 |       0 |    1483 |   0.0 |       0 |      28 |   0.0 |  1747
          D:10 |       0 |    1970 |   0.0 |       0 |      24 |   0.0 |   850
         Sewer |       0 |      76 |   0.0 |       0 |       6 |   0.0 |   379
               +---------+---------+-------+---------+---------+-------+---------
